 Dungeon Crawl Stone Soup version 0.16.1 (webtiles) character file.

1131 Ghalim the Basher (level 8, -3/52 HPs)
             Began as a Gargoyle Fighter on Mar 30, 2015.
             Was a Follower of Okawaru.
             Slain by a gnoll
             ... wielding a +0 club
              (4 damage)
             ... on level 6 of the Dungeon on Apr 1, 2015.
             The game lasted 00:16:22 (5665 turns).

Ghalim the Basher (Gargoyle Fighter)                Turns: 5665, Time: 00:16:22

Health: -3/52      AC: 12    Str: 27    XL:     8   Next: 36%
Magic:  8/8        EV:  7    Int:  9    God:    Okawaru [*.....]
Gold:   321        SH:  9    Dex:  9    Spells: 0 memorised, 7 levels left

rFire  . . .     SeeInvis .     a - +0 flail
rCold  . . .     Clarity  .     b - +0 scale mail
rNeg   + . .     SustAb   .     c - +0 shield
rPois  ∞         Gourm    .     (no helmet)
rElec  +         Spirit   .     (no cloak)
rCorr  .         Warding  .     (no gloves)
rMut   .         Stasis   .     (no boots)
MR     .....                    (no amulet)
Stlth  ..........               (no ring)
                                (no ring)

@: mighty, not resistant to hostile enchantments, extremely unstealthy
A: negative energy resistance 1, electricity resistance, unbreathing,
petrification resistance, rot immunity, AC +5
a: Heroism, Renounce Religion


You were on level 6 of the Dungeon.
You worshipped Okawaru.
Okawaru was aware of your devotion.
You were not hungry.

You visited 2 branches of the dungeon, and saw 7 of its levels.

You collected 321 gold pieces.

Inventory:

Hand weapons
 a - a +0 flail (weapon)
 t - a +0 hand axe of freezing
Armour
 b - a +0 scale mail (worn)
 c - a +0 shield (worn)
 F - a +0 pair of gloves
 G - the +3 ring mail "Gixy" {rElec Regen+ Dex-2, unknown}
   (You took it off a hobgoblin on level 5 of the Dungeon)

   It affects your dexterity (-2).
   It insulates you from electricity.
   It increases your rate of regeneration.
Jewellery
 j - an uncursed amulet of resist mutation {unknown}
 l - an uncursed ring of poison resistance {unknown}
 u - an uncursed ring of fire {unknown}
 A - an uncursed ring of ice {unknown}
Magical devices
 v - a wand of flame (48)
 D - a wand of flame (22)
Scrolls
 h - a scroll of remove curse
 i - 2 scrolls of recharging
 k - a scroll of blinking {unknown}
 o - 3 scrolls of teleportation
 p - a scroll of identify {unknown}
 s - 2 scrolls of amnesia {unknown}
 x - 2 scrolls of immolation {unknown}
 y - a scroll of enchant weapon {unknown}
 C - a scroll of random uselessness {unknown}
Potions
 f - a potion of ambrosia {unknown}
 m - a potion of brilliance {unknown}
 n - 3 potions of mutation {unknown}
 q - 4 potions of curing {unknown}
 r - a potion of magic {unknown}
 w - a potion of restore abilities {unknown}
 z - a potion of flight {unknown}
 E - a potion of heal wounds {unknown}
Comestibles
 d - 6 bread rations
 g - 3 meat rations


   Skills:
 + Level 6.9 Fighting
 * Level 8.1 Maces & Flails
 - Level 3.2 Armour
 - Level 3.2 Shields


You had 7 spell levels left.
You didn't know any spells.

Dungeon Overview and Level Annotations

Branches:
Dungeon (6/15)             Temple (1/1) D:5

Altars:
Ashenzari
Cheibriados
Fedhas
Gozag
Makhleb
Nemelex Xobeh
Okawaru
Qazlal
Ru
Sif Muna
Trog
Vehumet
Xom
Zin
The Shining One

Annotations:
D:3 Sigmund


Innate Abilities, Weirdness & Mutations

You are resistant to torment.
You are immune to poison.
Your stone body is very resilient (AC +5).
You resist negative energy.
You are resistant to electric shocks.
You can survive without breathing.
You are immune to petrification.
You are immune to rotting.


Message History

The gnoll barely misses you. The gnoll hits you but does no damage.
You struggle against the net.
The gnoll hits you but does no damage.
The gnoll hits you from afar with a spear.
* * * LOW HITPOINT WARNING * * *
The gnoll hits you with a club.
* * * LOW HITPOINT WARNING * * *
Drink which item? (? for menu, Esc to quit)
You feel very mighty all of a sudden.
The gnoll hits you but does no damage. x3
You can't do that while held in a net.
You struggle against the net.
The gnoll hits you but does no damage. The gnoll hits you but does no damage.
You shred the net and break free! The gnoll hits you but does no damage.
The gnoll hits you but does no damage. The gnoll hits you with a club.
* * * LOW HITPOINT WARNING * * *
You closely miss the gnoll.
The gnoll is severely wounded.
The gnoll barely misses you. The gnoll hits you but does no damage.
The gnoll hits you with a club.
You die...

g.g.gg.......#
s########..#.######
#..^...........
#.$.###)#.######
.... #(### ...
#.#### . #g...#
###g##.# #.@g# #
#.##.#.##.###
#...†........
#.........##....
#..####.### ## #.
#.# #.# #.. ###


You could see 3 gnolls.

Vanquished Creatures
  The ghost of edsrzf the Transmogrifier, an experienced OpTm (D:5)
  A sky beast (D:4)
  An ogre (D:5)
  A centaur (D:5)
  2 scorpions
  3 orc priests
  A giant frog skeleton (D:4)
  A gnoll shaman (D:6)
  A worker ant (D:4)
  An iguana (D:5)
  2 orc wizards (D:4)
  A hound skeleton (D:5)
  3 gnolls (D:5)
  6 adders
  A shadow imp (D:5)
  2 worms (D:3)
  2 giant geckos
  An ooze (D:3)
  10 orcs
  A bat zombie (D:5)
  5 giant cockroaches
  16 hobgoblins
  6 jackals
  3 quokkas
  A ball python (D:3)
  10 bats
  6 giant newts
  16 goblins
  A jackal skeleton (D:4)
  A jackal zombie (D:5)
  10 kobolds
  9 rats
126 creatures vanquished.

Notes
Turn   | Place    | Note
--------------------------------------------------------------
     0 | D:1      | Ghalim, the Gargoyle Fighter, began the quest for the Orb.
     0 | D:1      | Reached XP level 1. HP: 14/14 MP: 1/1
   161 | D:1      | Reached XP level 2. HP: 19/19 MP: 2/2
   561 | D:2      | Reached XP level 3. HP: 24/24 MP: 3/3
   783 | D:2      | Reached skill level 4 in Fighting
   785 | D:2      | Found a burning altar of Makhleb.
  1009 | D:3      | Noticed Sigmund
  1167 | D:3      | Found a radiant altar of Vehumet.
  1419 | D:3      | Reached XP level 4. HP: 29/29 MP: 4/4
  1963 | D:4      | Reached XP level 5. HP: 13/34 MP: 5/5
  2221 | D:4      | Noticed a sky beast
  2231 | D:5      | Entered Level 5 of the Dungeon
  2248 | D:5      | Noticed an ogre
  2321 | D:4      | Killed a sky beast
  2321 | D:4      | Reached skill level 5 in Fighting
  2429 | D:4      | Reached XP level 6. HP: 40/40 MP: 6/6
  2442 | D:4      | Reached skill level 5 in Maces & Flails
  2464 | D:4      | Found a sacrificial altar of Ru.
  2812 | D:5      | HP: 1/40 [ogre/giant club (10)]
  2813 | D:5      | Killed an ogre
  3231 | D:5      | Noticed an ogre
  3584 | D:5      | Found a glowing silver altar of Zin.
  3916 | D:5      | Reached skill level 6 in Maces & Flails
  3916 | D:5      | Reached XP level 7. HP: 24/44 MP: 7/7
  4097 | D:5      | Found a staircase to the Ecumenical Temple.
  4108 | Temple   | Entered the Ecumenical Temple
  4149 | Temple   | Became a worshipper of Warmaster Okawaru
  4175 | D:5      | Noticed edsrzf's ghost (experienced OpTm)
  4503 | D:5      | Noticed a centaur
  4518 | D:5      | Killed a centaur
  5188 | D:5      | Reached skill level 7 in Maces & Flails
  5377 | D:5      | Killed edsrzf's ghost
  5377 | D:5      | Acquired Okawaru's first power
  5377 | D:5      | Reached XP level 8. HP: 14/52 MP: 8/8
  5486 | D:5      | Got a faintly humming ring mail
  5610 | D:6      | Reached skill level 8 in Maces & Flails
  5664 | D:6      | HP: 1/52 [gnoll/club (3)]
  5665 | D:6      | Slain by a gnoll

Action                   |  1- 3 |  4- 6 |  7- 9 || total
-------------------------+-------+-------+-------++-------
Melee: Flail             |   141 |   285 |   187 ||   613
  Use: Potion            |       |     1 |     1 ||     2
       Scroll            |       |       |     3 ||     3
  Eat: Chunk             |     1 |     6 |     3 ||    10
       Meat ration       |       |     1 |       ||     1
       Pizza             |       |       |     1 ||     1
